 Dungeon Crawl Stone Soup version 0.32-a0-913-g739538afd8 (webtiles) character file.

Game seed: 909439236847573031

290384 Doorstop00 the Peltast (level 20, -9/139 HPs)
             Began as a Gargoyle Fighter on Apr 5, 2024.
             Was the Champion of Okawaru.
             Mangled by a vampire knight
             ... wielding a +3 war axe
              (15 damage)
             ... on level 3 of the Vaults on Apr 8, 2024.
             The game lasted 03:54:34 (36779 turns).

Doorstop00 the Peltast (Gargoyle Fighter)          Turns: 36779, Time: 03:54:34

Health: -9/139     AC: 53    Str: 27    XL:     20   Next: 74%
Magic:  27/27      EV: 14    Int: 15    God:    Okawaru [******]
Gold:   2139       SH: 28    Dex: 13    Spells: 19/19 levels left

rFire   + + +        V - +10 demon whip of Zeelinaepe {flame, rN+ Int+4 Dex+4}
rCold   + + .        u - +2 tower shield {AC+3}
rNeg    + + .        W - +9 plate armour of Okawaru's Respect {rF++ rC+}
rPois   ∞            Q - +0 helmet
rElec   +            w - scarf {rC+ rF+}
rCorr   .            f - +1 pair of gloves
SInv    .            S - +2 pair of boots
Will    ++...        y - amulet of reflection Stlth
                     M - ring of willpower
HPRegen 0.43/turn    L - +5 ring of evasion
MPRegen 0.20/turn

%: reflection
@: flying, studying Necromancy
A: sickness immunity, AC +15, big wings, negative energy resistance 1,
electricity resistance, torment resistance 1, petrification resistance
}: 2/15 runes: serpentine, barnacled
a: Renounce Religion, Heroism, Finesse, Duel


You were on level 3 of the Vaults.
You worshipped Okawaru.
Okawaru was exalted by your worship.
You visited 7 branches of the dungeon, and saw 34 of its levels.
You also visited: Bailey and Ice Cave.

You collected 4447 gold pieces.
You spent 2308 gold pieces at shops.

Inventory:

Hand Weapons
 p - the +6 shillelagh "Devastator" {shatter}
   (You found it on level 2 of the Dungeon)
 D - the +10 battleaxe "Qacapec" {holy, rN+ Int+6 SInv}
   (You found it on level 2 of the Vaults)

   Int+6:     It affects your intelligence (+6).
   rN+:       It protects you from negative energy.
   SInv:      It lets you see invisible.
 J - a +5 morningstar of holy wrath
 V - the +10 demon whip of Zeelinaepe (weapon) {flame, rN+ Int+4 Dex+4}
   (You acquired it on level 2 of the Shoals)

   Int+4:     It affects your intelligence (+4).
   Dex+4:     It affects your dexterity (+4).
   rN+:       It protects you from negative energy.
Missiles
 r - 11 silver javelins (quivered)
Armour
 a - a +4 plate armour of cold resistance
 f - a +1 pair of gloves (worn)
 u - a +2 tower shield of protection (worn)
 w - a scarf of resistance (worn)
 Q - a +0 helmet (worn)
 S - a +2 pair of boots (worn)
 W - the +9 plate armour of Okawaru's Respect (worn) {rF++ rC+}
   (Okawaru gifted it to you on level 2 of the Lair of Beasts)

   rF++:      It greatly protects you from fire.
   rC+:       It protects you from cold.
Jewellery
 c - an amulet of faith
 d - the amulet of Fukhai {Acrobat rC++}
   (You took it off an ironbound preserver on level 2 of the Vaults)

   [amulet of the acrobat]

   Acrobat:   It increases your evasion while moving and waiting.
   rC++:      It greatly protects you from cold.
 y - an amulet of reflection (around neck)
 L - a +5 ring of evasion (right hand)
 M - a ring of willpower (left hand)
Wands
 i - a wand of digging (6)
 k - a wand of paralysis (41)
 E - a wand of flame (12)
 F - a wand of mindburst (6)
 N - a wand of quicksilver (9)
 O - a wand of warping (14)
 R - a wand of polymorph (5)
Scrolls
 b - 2 scrolls of revelation
 e - 3 scrolls of silence
 g - 22 scrolls of teleportation
 j - 8 scrolls of fear
 n - 6 scrolls of immolation
 q - 2 scrolls of brand weapon
 t - 7 scrolls of blinking
 x - a scroll of amnesia
 z - 6 scrolls of enchant armour
 H - 7 scrolls of poison
 I - 5 scrolls of fog
 T - 2 scrolls of enchant weapon
Potions
 h - 9 potions of heal wounds
 l - 7 potions of lignification
 m - a potion of invisibility
 o - 15 potions of curing
 s - 5 potions of brilliance
 v - 8 potions of enlightenment
 C - 2 potions of might
 G - 2 potions of cancellation
 K - 5 potions of haste
 U - 2 potions of resistance
Miscellaneous
 A - a box of beasts
 B - a Gell's gravitambourine (2/2)
 Y - a lightning rod (4/4)
 Z - a condenser vane


   Skills:
 * Level 19.5 Fighting
 * Level 1.1(9.6) Axes
 - Level 16.0 Maces & Flails
 + Level 0.6 Throwing
 * Level 17.6 Armour
 * Level 7.1 Dodging
 - Level 1.0 Stealth
 - Level 20.0 Shields
 * Level 10.4 Invocations
 * Level 9.4 Evocations


You had 19 spell levels left.
You didn't know any spells.
Your spell library contained the following spells:

 Spells                   Type           Power      Damage    Failure   Level
 Necrotise                Necr           0%         1d4       93%         1
 Shock                    Conj/Air       0%         1d3       93%         1
 Sting                    Conj/Alch      0%         1d3       93%         1
 Ensorcelled Hibernation  Hex/Ice        0%         N/A       98%         2
 Jinxbite                 Hex            0%         N/A       98%         2
 Fugue of the Fallen      Necr           0%         N/A       100%        3
 Inner Flame              Hex/Fire       0%         N/A       100%        3
 Maxwell's Portable Pile  Tloc           0%         2d(5-13)  100%        3
 Ozocubu's Armour         Ice            0%         N/A       100%        3
 Passwall                 Erth           0%         N/A       100%        3
 Swiftness                Air            0%         N/A       100%        3
 Vampiric Draining        Necr           0%         2d6       100%        3
 Airstrike                Air            0%         2d(0-16)  100%        4
 Alistair's Intoxication  Alch           0%         N/A       100%        5
 Arcjolt                  Conj/Air       0%         1d10      100%        5
 Borgnjor's Vile Clutch   Necr/Erth      0%         N/A       100%        5
 Curse of Agony           Necr           0%         N/A       100%        5
 Irradiate                Conj/Alch      0%         3d11      100%        5
 Lee's Rapid Deconstruct  Erth           0%         3d4*      100%        5
 Yara's Violent Unravell  Hex/Alch       0%         3d3       100%        5
 Dispersal                Tloc           0%         N/A       100%        6
 Eringya's Noxious Bog    Alch           0%         4d6       100%        6
 Gell's Gavotte           Tloc           0%         2d(11-16) 100%        6
 Enfeeble                 Hex            0%         N/A       100%        7
 Manifold Assault         Tloc           0%         N/A       100%        7
 Disjunction              Tloc           0%         N/A       100%        8
 Ignition                 Fire           0%         3d3       100%        8
 Maxwell's Capacitive Co  Air            0%         ∞         100%        8
 Animate Armour           Summ/Erth      Unusable   N/A       N/A         4
 Martyr's Knell           Necr/Summ      Unusable   N/A       N/A         4
 Summon Lightning Spire   Summ/Air       Unusable   N/A       N/A         4
 Sculpt Simulacrum        Ice/Alch       Unusable   N/A       N/A         6

Dungeon Overview and Level Annotations

Branches:
Dungeon (15/15)            Temple (1/1) D:4            Lair (5/5) D:8
 Shoals (4/4) Lair:3        Snake (4/4) Lair:3        Slime (0/5) Lair:5
    Orc (2/2) D:11            Elf (0/3) Orc:2        Vaults (3/5) D:14
 Depths (0/4) D:15         Bailey (visited)           IceCv (visited)
  Crypt: Vaults:2-3

Altars:
Ashenzari
Cheibriados
Dithmenos
Elyvilon
Fedhas
Gozag
Hepliaklqana
Kikubaaqudgha
Makhleb
Nemelex Xobeh
Okawaru
Qazlal
Ru
Sif Muna
Trog
Uskayaw
Vehumet
Wu Jian
Xom
Yredelemnul
Zin
The Shining One
Beogh
Jiyva

Shops:
D:1 ?   D:3 *   D:10 [   D:11 (   D:14 :   D:15 [   Orc:1 =[   Orc:2 !?:(?
Snake:4 [[   Vaults:2 (

Annotations:
Lair:5 1 runed translucent door


Innate Abilities, Weirdness & Mutations

You are immune to sickness and miasma.
Your stone body is resilient. (AC +15)
You are immune to poison.
Your large and strong wings let you fly.
You resist negative energy. (rN+)
You are resistant to electric shocks. (rElec)
You are resistant to unholy torment.
You are immune to petrification.


Message History

The ironbound convoker gestures at the orc warlord while chanting.
The orc warlord seems to grow stronger.
You block something's attack. Something bites you but does no damage.
The ironbound convoker gestures at the ironbound convoker while chanting.
The ironbound convoker seems to grow stronger.
You block the ironbound preserver's attack.
Things that are here:
a +3 war axe of flaming; a +0 chain mail Something hits you!
* * * LOW HITPOINT WARNING * * *
You block something's attack. Something hits you but does no damage.
You block something's attack.
You hear some strange, mumbled words.
Something tries to affect you, but you resist.
The ironbound preserver attacks as it pursues you!
You block the ironbound preserver's attack.
You block the ironbound convoker's attack.
You block something's attack. Something bites you but does no damage.
You block something's attack. x2
Something hits you but does no damage. Something bites you but does no damage.
The ironbound preserver gestures wildly while chanting.
The ironbound preserver begins to accept its allies' injuries.
You block something's attack. Something bites you but does no damage.
Things that are here:
a +0 arbalest; an ugly thing corpse; a yaktaur corpse Something closely misses you.
Something completely misses you.
The ironbound convoker casts a spell at the ironbound preserver.
The ironbound preserver seems to grow stronger.
There is an open door, spattered with blood here.
Items here: )) [ †††.
The ironbound preserver gestures wildly while chanting.
The ironbound preserver begins to accept its allies' injuries.
You hear some strange, mumbled words.
You block something's attack. Something bites you but does no damage.
You block something's attack. Something bites you but does no damage.
Something barely misses you. Something closely misses you. Something hits you!!
* * * LOW HITPOINT WARNING * * *
Something bites you but does no damage. Something hits you!
You die...

........#......#.........#
#.[.)....#.........#
#.#).....#.........#
#T#T.....#.........#
#.#......#.........#
#c#ppp...#.........#
#.#.o....#.........#
#.#..)...#.........#
#.###)####@........#
#..)po...........#
#................#
#######................#
.......................#
.......................#
.......................#
.......................#
.......................#


You could see an orc warlord (strong, sheltered) and an ironbound convoker
(sheltered).

Vanquished Creatures
  Rupert (D:15)
  Jorgrun (D:13)
  A titan (Shoals:4)
  A kraken (Shoals:2)
  2 sphinxes
  Kirke (D:15)
  Donald (Vaults:2)
  5 nagarajas
  A fire giant (Vaults:2)
  4 vault wardens
  3 orc warlords (Vaults:1)
  7 ironbound preservers
  2 stone giants
  2 formless jellyfish
  7 ironbound thunderhulks
  2 dire elephants
  A war gargoyle (Vaults:3)
  Azrael (D:14)
  Snorg (D:10)
  8 merfolk impalers
  An entropy weaver (Vaults:1)
  2 ettins
  3 merfolk javelineers (Shoals:4)
  A fire dragon (D:14)
  2 yaktaur captains
  A deep elf high priest (Vaults:2)
  4 vault guards
  An ice dragon (Lair:5)
  A peacekeeper (Vaults:3)
  Erolcha (Orc:2)
  3 salamander tyrants
  5 great orbs of eyes
  5 catoblepae
  5 merfolk avatars
  9 hydras
  18 anacondas
  5 ogre magi
  12 merfolk aquamancers
  2 ironbound frosthearts
  4 alligator snapping turtles
  3 boulder beetles
  12 centaur warriors
  A death knight (D:15)
  8 two-headed ogres
  3 tengu warriors (D:15)
  2 satyrs
  4 death yaks (Lair:3)
  11 naga sharpshooters
  17 naga warriors
  9 shock serpents
  Nergalle (Lair:3)
  Sonja (Lair:4)
  2 fire crabs (Lair:5)
  A salamander mystic (Snake:1)
  Lodul (D:11)
  A skeletal warrior (D:8)
  7 skysharks
  7 sea snakes
  A mana viper (shapeshifter) (Vaults:2)
  8 naga ritualists
  4 deep trolls (Vaults:3)
  5 arcanists
  4 phantasmal warriors
  11 mana vipers
  9 ironbound convokers
  10 orc knights
  11 harpies
  11 lindwurms
  An obsidian bat (Orc:2)
  A necromancer (IceCv)
  3 deep elf pyromancers
  A wolf spider (D:14)
  8 cyclopes
  16 salamanders
  7 orc sorcerers (Orc:2)
  11 ugly things
  2 oklob plants (Shoals:3)
  13 merfolk sirens
  13 manticores
  25 fauns
  17 elephants
  4 kobold blastminers
  10 vault sentinels
  22 black mambas
  10 guardian serpents
  An ice statue (IceCv)
  8 water nymphs
  6 cane toads
  20 naga magi
  2 gargoyles
  2 rime drakes
  2 efreet
  5 komodo dragons
  4 freezing wraiths
  A spectral naga (Snake:1)
  4 kobold demonologists
  Psyche (D:9)
  14 ice devils (IceCv)
  3 anaconda simulacra (IceCv)
  13 yaktaurs
  A tengu conjurer (D:15)
  5 wind drakes
  8 polar bears
  5 trolls
  16 blink frogs
  A wolf spider simulacrum (D:14)
  17 merfolk
  9 snapping turtles
  3 hornets (Lair:5)
  20 dream sheep
  Sigmund (D:5)
  26 slime creatures
  10 spriggans (Lair:5)
  6 wyverns
  4 wraiths
  27 water elementals
  6 air elementals (Shoals:4)
  50 yaks
  5 basilisks
  3 hogs (D:15)
  A yak (shapeshifter) (D:14)
  4 wargs
  A dire elephant simulacrum (IceCv)
  3 fire elementals (D:14)
  2 death yak simulacra (IceCv)
  10 vampire mosquitoes
  3 steam dragons
  2 harpy simulacra (IceCv)
  40 nagas
  Edmund (D:5)
  A hydra simulacrum (IceCv)
  16 water moccasins
  An acid dragon (D:10)
  2 hell hounds (D:14)
  Duvessa (D:4)
  An ice beast (D:5)
  3 black bears
  2 laughing skulls (D:14)
  13 orc warriors
  5 boggarts (Lair:5)
  20 ogres
  23 wolves
  2 phantoms (D:5)
  13 centaurs
  9 kobold brigands
  A two-headed ogre simulacrum (IceCv)
  17 bullfrogs
  3 scorpions
  6 cane toad simulacra (IceCv)
  Dowan (D:4)
  An elephant simulacrum (IceCv)
  4 electric eels
  5 howler monkeys
  5 hounds
  18 orc priests
  Crazy Yiuf (D:2)
  2 bombardier beetles (D:5)
  6 jellies
  7 iguanas
  41 orc wizards
  4 polar bear simulacra (IceCv)
  2 troll simulacra (IceCv)
  A spriggan simulacrum (IceCv)
  7 wolf simulacra (IceCv)
  4 gnolls
  8 adders
  2 naga simulacra (IceCv)
  A shadow imp (D:7)
  3 white imps
  An ufetubus (D:5)
  An adder zombie (D:3)
  3 ribbon worms
  3 dart slugs
  A ribbon worm (shapeshifter) (D:15)
  71 orcs
  7 ball pythons
  10 endoplasms
  7 giant cockroaches
  13 goblins
  11 hobgoblins
  3 jackals (D:1)
  32 kobolds
  5 quokkas
  2 bats
  2 frilled lizards
  2 quokka zombies (D:3)
  4 rats
  2 tentacles (Shoals:2)
1284 creatures vanquished.

Vanquished Creatures (others)
  A deep elf pyromancer (D:13)
  A manticore (Shoals:4)
  A water elemental (Shoals:4)
  A vampire mosquito (D:14)
  15 tentacles (Shoals:2)
19 creatures vanquished.

Grand Total: 1303 creatures vanquished

Notes
Turn   | Place    | Note
-------+----------+-------------------------------------------
     0 | D:1      | Doorstop00 the Gargoyle Fighter began the quest for the
                  | Orb.
     0 | D:1      | Reached XP level 1. HP: 14/14 MP: 1/1
    48 | D:1      | Reached XP level 2. HP: 19/19 MP: 2/2
   262 | D:1      | Reached XP level 3. HP: 19/24 MP: 3/3
   563 | D:1      | Found Faotrui's Magic Scroll Emporium.
   567 | D:1      | Bought a scroll of teleportation for 39 gold pieces
   942 | D:2      | Reached XP level 4. HP: 29/29 MP: 4/4
  1109 | D:2      | Found a faded altar of an unknown god.
  1510 | D:2      | Found the +6 shillelagh "Devastator" {shatter}
  1523 | D:2      | Found a runed translucent door.
  1524 | D:2      | Noticed Crazy Yiuf
  1526 | D:2      | Identified the +6 hammer of Corruption {venom, rPois rC-
                  | Dex+2 Stlth+}
  1531 | D:2      | Killed Crazy Yiuf
  1532 | D:2      | Reached XP level 5. HP: 34/34 MP: 5/5
  1625 | D:3      | Reached skill level 1 in Dodging
  1694 | D:3      | Found Qeeqoxes's Assorted Antiques.
  1705 | D:3      | Bought a scroll of identify for 32 gold pieces
  1705 | D:3      | Bought a scroll of identify for 32 gold pieces
  1861 | D:3      | Found a basalt altar of Yredelemnul.
  1887 | D:3      | Noticed an ogre
  1899 | D:3      | Killed an ogre
  1900 | D:3      | Reached skill level 4 in Shields
  1900 | D:3      | Reached XP level 6. HP: 39/39 MP: 6/6
  2417 | D:4      | Found a staircase to the Ecumenical Temple.
  2436 | Temple   | Entered the Ecumenical Temple
  2549 | Temple   | Became a worshipper of Warmaster Okawaru
  2727 | D:4      | Noticed Dowan
  2816 | D:4      | Found a sacrificial altar of Ru.
  2854 | D:4      | Noticed Duvessa
  2859 | D:4      | Killed Dowan
  2860 | D:4      | Killed Duvessa
  2861 | D:4      | Reached skill level 5 in Fighting
  2861 | D:4      | Reached XP level 7. HP: 31/44 MP: 7/7
  3117 | D:4      | Reached skill level 5 in Armour
  3407 | D:5      | Entered Level 5 of the Dungeon
  3501 | D:5      | Noticed Sigmund
  3501 | D:5      | Noticed Edmund
  3514 | D:5      | Killed Sigmund
  3514 | D:5      | Reached * piety under Okawaru
  3514 | D:5      | Killed Edmund
  3515 | D:5      | Reached skill level 5 in Maces & Flails
  3515 | D:5      | Reached XP level 8. HP: 41/49 MP: 8/8
  3698 | D:5      | Identified the +1 robe "Laezess" {Dex+3}
  3806 | D:5      | Reached ** piety under Okawaru
  3841 | D:5      | Reached skill level 5 in Shields
  3918 | D:5      | Reached XP level 9. HP: 40/55 MP: 9/9
  4062 | D:5      | Reached *** piety under Okawaru
  5060 | D:7      | Reached skill level 6 in Shields
  5120 | D:7      | Found a shimmering blue altar of Sif Muna.
  5154 | D:7      | Found a hazy altar of Hepliaklqana.
  5162 | D:7      | Found a bloodstained altar of Trog.
  5640 | D:7      | Reached **** piety under Okawaru
  6109 | D:8      | Reached XP level 10. HP: 61/61 MP: 10/10
  6129 | D:8      | Reached skill level 1 in Stealth
  6147 | D:8      | Noticed a four-headed hydra
  6149 | D:8      | Noticed a deep elf pyromancer
  6149 | D:8      | Noticed a skeletal warrior
  6177 | D:8      | Killed a skeletal warrior
  6293 | D:8      | Killed a four-headed hydra
  6414 | D:8      | Found a flagged portal.
  6421 | D:8      | Reached ***** piety under Okawaru
  6426 | Bailey   | Entered a bailey
  6432 | Bailey   | Noticed an orc warlord
  6432 | Bailey   | Found the +7 sceptre of Torment {pain, torment}
  6488 | Bailey   | Noticed an orc knight
  6511 | Bailey   | Killed an orc knight
  6512 | Bailey   | Reached skill level 10 in Maces & Flails
  6576 | Bailey   | Found a runed translucent gate.
  6583 | Bailey   | Found a runed translucent gate.
  6584 | Bailey   | Found a runed translucent gate.
  6584 | Bailey   | Noticed an orc knight
  6599 | Bailey   | Killed an orc knight
  6600 | Bailey   | Reached skill level 7 in Shields
  6785 | D:8      | Noticed an elephant
  6799 | D:8      | Killed an elephant
  6800 | D:8      | Reached skill level 10 in Armour
  6818 | D:8      | Identified the +4 war axe "Killer Bee's Peril" {protect,
                  | rElec rCorr Dex-2 Stlth-}
  6904 | D:8      | Reached XP level 11. HP: 47/68 MP: 11/11
  6925 | D:8      | Found a blossoming altar of Fedhas.
  6979 | D:8      | Found a staircase to the Lair.
  6989 | D:8      | Reached skill level 8 in Shields
  6989 | D:8      | Reached XP level 12. HP: 77/77 MP: 12/12
  7076 | D:8      | Identified the +8 hand axe "Gulacam" {heavy, Str+5 Int+2}
  7391 | D:9      | Noticed a centaur warrior
  7391 | D:9      | Noticed a six-headed hydra
  7406 | D:9      | Noticed a centaur warrior
  7407 | D:9      | Noticed a rakshasa
  7419 | D:9      | Reached skill level 9 in Shields
  7471 | D:9      | Noticed Psyche
  7484 | D:9      | Killed Psyche
  7487 | D:9      | Reached skill level 10 in Fighting
  7921 | D:10     | Entered Level 10 of the Dungeon
  7981 | D:10     | Found Rankorri's Antique Armour Emporium.
  8095 | D:10     | Noticed Snorg
  8108 | D:10     | Killed Snorg
  8108 | D:10     | Received a gift from Okawaru
  8109 | D:10     | Reached skill level 1 in Evocations
  8352 | D:10     | Found an ornate altar of the Wu Jian Council.
  8352 | D:10     | Found a snail-covered altar of Cheibriados.
  8763 | D:10     | Identified the ring "Etyadwih" {*Slow rPois Will+ Dex+3
                  | Stlth+}
  8806 | Lair:1   | Entered Level 1 of the Lair of Beasts
  9777 | Lair:2   | Noticed an eight-headed hydra
  9783 | Lair:2   | Killed an eight-headed hydra
  9783 | Lair:2   | Received a gift from Okawaru
  9783 | Lair:2   | Reached ****** piety under Okawaru
  9784 | Lair:2   | Reached XP level 13. HP: 83/83 MP: 13/13
  9788 | Lair:2   | Acquired the +9 plate armour of Okawaru's Respect {rF++
                  | rC+}
  9788 | Lair:2   | Received a gift from Okawaru
  9966 | Lair:2   | Acquired the +12 morningstar of Exquisite Torment {flame,
                  | Str+2}
  9966 | Lair:2   | Received a gift from Okawaru
 10712 | Lair:3   | Reached skill level 10 in Shields
 10959 | Lair:3   | Received a gift from Okawaru
 10962 | Lair:3   | Noticed Nergalle
 10965 | Lair:3   | Found a staircase to the Shoals.
 10973 | Lair:3   | Killed Nergalle
 11096 | Lair:3   | Found a staircase to the Snake Pit.
 11322 | Lair:3   | Received a gift from Okawaru
 12109 | Lair:4   | Found a frozen archway.
 12122 | IceCv    | Entered an ice cave
 12229 | IceCv    | Gained mutation: Your large and strong wings let you fly.
                  | [Gargoyle growth]
 12229 | IceCv    | Reached XP level 14. HP: 82/91 MP: 14/14
 12265 | IceCv    | Reached skill level 1 in Invocations
 12272 | IceCv    | Received a gift from Okawaru
 12526 | IceCv    | Found an ancient bone altar of Kikubaaqudgha.
 12992 | Lair:4   | Noticed Sonja
 13007 | Lair:4   | Killed Sonja
 13656 | Lair:5   | Entered Level 5 of the Lair of Beasts
 13661 | Lair:5   | Received a gift from Okawaru
 13735 | Lair:5   | Reached skill level 15 in Maces & Flails
 13762 | Lair:5   | Reached skill level 11 in Shields
 13798 | Lair:5   | Received a gift from Okawaru
 14103 | Lair:5   | Received a gift from Okawaru
 14153 | Lair:5   | Reached XP level 15. HP: 97/97 MP: 17/17
 14211 | Lair:4   | Reached skill level 5 in Evocations
 14271 | Lair:5   | Found a runed translucent door.
 14278 | Lair:5   | Found a viscous altar of Jiyva.
 14279 | Lair:5   | Noticed an acid blob
 14280 | Lair:5   | Found a staircase to the Slime Pits.
 14280 | Lair:5   | Noticed an acid blob
 14622 | Lair:5   | Received a gift from Okawaru
 15365 | D:11     | Noticed Lodul
 15373 | D:11     | Killed Lodul
 15606 | D:11     | Found a staircase to the Orcish Mines.
 15623 | D:11     | Reached skill level 12 in Shields
 15993 | D:11     | Found Jogeetzatru's Hydra Hut.
 16420 | Orc:1    | Entered Level 1 of the Orcish Mines
 16420 | Orc:1    | Found Rotitis's Jewellery Shop.
 16454 | D:11     | Reached skill level 5 in Invocations
 16498 | Orc:1    | Received a gift from Okawaru
 16541 | Orc:1    | Bought a +5 ring of evasion for 432 gold pieces
 16541 | Orc:1    | Bought a ring of willpower for 300 gold pieces
 16560 | Orc:1    | Found Sudimist's Antique Armour Emporium.
 16857 | Orc:2    | Entered Level 2 of the Orcish Mines
 16857 | Orc:2    | Found a staircase to the Elven Halls.
 17220 | Orc:2    | Found Zeewnuck's Magic Scroll Boutique.
 17257 | Orc:2    | Bought a scroll of enchant armour for 112 gold pieces
 17257 | Orc:2    | Bought a scroll of identify for 30 gold pieces
 17257 | Orc:2    | Bought a scroll of silence for 142 gold pieces
 17362 | Orc:2    | Found a radiant altar of Vehumet.
 17362 | Orc:2    | Noticed Erolcha
 17374 | Orc:2    | Killed Erolcha
 17374 | Orc:2    | Received a gift from Okawaru
 17403 | Orc:2    | Found Icur's Antique Weapon Boutique.
 17419 | Orc:2    | Found an ancient bone altar of Kikubaaqudgha.
 17441 | Orc:2    | Reached skill level 13 in Shields
 17497 | Orc:2    | Found a roughly hewn altar of Beogh.
 17497 | Orc:2    | Found Itheosu's Magic Scroll Shop.
 17508 | Orc:2    | Found Jaudu's Distillery.
 17512 | Orc:2    | Bought a scroll of blinking for 97 gold pieces
 17535 | Orc:2    | Found Laudim's Book Boutique.
 18740 | D:12     | Received a gift from Okawaru
 18808 | D:12     | Identified the flux talisman of Zehib {rElec Str+3 Slay+3}
 19137 | D:13     | Reached XP level 16. HP: 105/105 MP: 20/20
 19307 | D:13     | Noticed Jorgrun
 19337 | D:13     | Killed Jorgrun
 19351 | D:13     | Found a radiant altar of Vehumet.
 19547 | D:13     | Reached skill level 15 in Armour
 19840 | D:14     | Found Plog's Book Boutique.
 19905 | D:14     | Noticed Azrael
 19931 | D:14     | Killed Azrael
 20143 | D:14     | Received a gift from Okawaru
 20243 | D:14     | Reached skill level 14 in Shields
 20521 | D:14     | Found a gate to the Vaults.
 20941 | D:15     | Entered Level 15 of the Dungeon
 20958 | D:15     | Upgraded the game from 0.32-a0-900-g30fb1b0edc to
                  | 0.32-a0-913-g739538afd8
 21054 | D:15     | Noticed Rupert
 21087 | D:15     | Killed Rupert
 21312 | D:15     | Received a gift from Okawaru
 21444 | D:15     | Found a staircase to the Depths.
 21506 | D:15     | Found Oper's Armour Emporium.
 21630 | D:15     | Noticed Kirke
 21646 | D:15     | Killed Kirke
 21895 | Snake:1  | Entered Level 1 of the Snake Pit
 22515 | Snake:1  | Reached skill level 15 in Fighting
 22639 | Snake:1  | Received a gift from Okawaru
 22792 | Snake:1  | Reached skill level 15 in Shields
 22912 | Snake:1  | Reached XP level 17. HP: 29/113 MP: 16/22
 23903 | Snake:2  | Received a gift from Okawaru
 24762 | Snake:3  | Received a gift from Okawaru
 24841 | Snake:3  | Reached skill level 16 in Shields
 25045 | Snake:3  | Found a broken altar of Ashenzari.
 25534 | Snake:4  | Entered Level 4 of the Snake Pit
 25582 | Snake:4  | Found Woem's Antique Armour Emporium.
 25583 | Snake:4  | Identified the +5 spear "Heumor" {flame, ^Fragile +Blink
                  | rElec Str+8}
 25589 | Snake:4  | Bought a slimy plate armour for 1092 gold pieces
 25589 | Snake:4  | Identified the +2 plate armour "Maddaeq" {rF+ Int-2 Dex+2}
                  | (You bought it in a shop on level 4 of the Snake Pit)
 26318 | Snake:4  | Found Ticeuff's Armour Emporium.
 26692 | Snake:4  | Received a gift from Okawaru
 26728 | Snake:4  | Reached skill level 17 in Shields
 26896 | Snake:4  | Reached XP level 18. HP: 57/120 MP: 23/23
 27801 | Snake:4  | Received a gift from Okawaru
 27814 | Snake:4  | Reached skill level 5 in Dodging
 28136 | Snake:4  | Found an iron altar of Okawaru.
 28153 | Snake:4  | Got a serpentine rune of Zot
 28423 | Shoals:1 | Entered Level 1 of the Shoals
 28488 | Shoals:1 | Reached skill level 18 in Shields
 28615 | Shoals:1 | Received a gift from Okawaru
 29552 | Shoals:2 | Received a gift from Okawaru
 30071 | Shoals:2 | Acquired the +10 demon whip of Zeelinaepe {flame, rN+ Int+4
                  | Dex+4}
 30300 | Shoals:3 | Reached skill level 19 in Shields
 30305 | Shoals:3 | Reached XP level 19. HP: 127/127 MP: 25/25
 31132 | Shoals:4 | Entered Level 4 of the Shoals
 31202 | Shoals:4 | Paralysed by an air elemental for 1 turns
 31367 | Shoals:4 | Paralysed by an air elemental for 1 turns
 31373 | Shoals:4 | Paralysed by an air elemental for 1 turns
 31379 | Shoals:4 | Paralysed by an air elemental for 1 turns
 31596 | Shoals:4 | Received a gift from Okawaru
 32233 | Shoals:4 | Received a gift from Okawaru
 32468 | Shoals:4 | Paralysed by an air elemental for 1 turns
 32471 | Shoals:4 | Paralysed by an air elemental for 1 turns
 32473 | Shoals:4 | Paralysed by an air elemental for 1 turns
 32478 | Shoals:4 | Paralysed by an air elemental for 1 turns
 32582 | Shoals:4 | Reached skill level 20 in Shields
 32590 | Shoals:4 | Got a barnacled rune of Zot
 32603 | Shoals:4 | Identified the +8 scimitar of the Special Eyes {venom,
                  | rPois rF+ Dex+3}
 32970 | Vaults:1 | Entered Level 1 of the Vaults
 33345 | Vaults:1 | Received a gift from Okawaru
 34106 | Vaults:1 | Reached XP level 20. HP: 120/136 MP: 27/27
 34126 | Vaults:1 | Got Sif Muna's Incunabulum of Hermetica
 34541 | Vaults:2 | Received a gift from Okawaru
 34554 | Vaults:2 | Reached skill level 10 in Invocations
 34559 | Vaults:2 | Noticed Donald
 34986 | Vaults:2 | Identified the +0 leather armour of Vampiric Thralls {rPois
                  | rF+ SInv}
 35217 | Vaults:2 | Killed Donald
 35368 | Vaults:1 | Received a gift from Okawaru
 35585 | Vaults:2 | Identified the +0 leather armour "Ocoatulu" {Rampage rF-
                  | rC+ Dex+3 Slay+2}
 35585 | Vaults:2 | Identified the amulet of Fukhai {Acrobat rC++}
 36109 | Vaults:2 | Identified the +10 battleaxe "Qacapec" {holy, rN+ Int+6
                  | SInv}
 36209 | Vaults:2 | Identified the +1 leather armour of Trumpets {rCorr Str+9
                  | Dex-3 Slay-4}
 36244 | Vaults:2 | Found Isyorph's Weapon Boutique.
 36264 | Vaults:2 | You are sucked into a shaft and drop 1 floor!
 36344 | Vaults:3 | Acquired 665 gold pieces
 36390 | Vaults:3 | Received a gift from Okawaru
 36668 | Vaults:3 | Reached skill level 1 in Axes
 36778 | Vaults:3 | HP: 6/139 [something (31)]
 36779 | Vaults:3 | Mangled by a vampire knight

Illustrated notes

Levels and vault maps discovered:
D:1:      minmay_arrival_semitransparent, layout_loops_ring, serial_shops, shop
D:2:      layout_loops_cross, shapermc_ecumenical_altar_mp_ritualfount,
          ebering_dispersal_statue_hall, uniq_crazy_yiuf_cottage
D:3:      layout_basic, nicolae_yredelemnul_corpse_copse, serial_shops,
          nicolae_shop_pleasant_corner_grove, eino_curves_01,
          minmay_ogre_servants
D:4:      layout_loops_ring, mainiacjoe_overflow_alcove_4,
          minmay_temple_entry_offerings, amcnicky_mini_rare_corridor_liquid,
          uniq_duvessa
D:5:      minmay_octagon_keep, layout_gridville, sigmund_edmund_badplayer
D:6:      layout_gridville, uniq_sigmund
D:7:      layout_layer_cave, grunt_temple_overflow_open,
          minmay_misc_feat_ornament
D:8:      layout_cave_pools, fedhas_altar_fruit_tree,
          grunt_lair_entry_orc_guard_hut, enter_bailey_2, minmay_diamond_spiral
D:9:      layout_basic, minivault_12, uniq_psyche
D:10:     layout_irregular_city, jmf_multi_god_temple, serial_shops, shop,
          uniq_snorg
D:11:     nicolae_whirlpool, layout_layer_cave, david_orc_3,
          doesnt_shop_hydraphobe, uniq_lodul
D:12:     layout_basic
D:13:     layout_basic, serial_glass, glass_columns_a, glass_columns_c,
          nicolae_vehumet_radiance, uniq_jorgrun
D:14:     layout_cave_pools, david_vaults_4, serial_shops, shop,
          amethyst_killhole, uniq_azrael
D:15:     grunt_enter_depths_snipers, layout_rooms, minmay_shop_grid_forest,
          uniq_rupert, uniq_kirke
Temple:   nicolae_temple_superstar
Lair:1:   layout_cave_pods, grunt_megastairs_1
Lair:2:   layout_hall_layers, disabler_island
Lair:3:   layout_regular_city, minmay_shoals_entry_centaurs,
          alex1729_snake_entry_snake, grunt_megastairs_3, uniq_nergalle
Lair:4:   layout_cave_pods, portal_ice_cave_entry_pillars_1,
          serial_bayou_shore_a, serial_bayou_shore_b, uniq_sonja
Lair:5:   minmay_lair_end_enchanted_forest, layout_long_grid, slime_entry_2,
          minivault_26, bobbens_ice_dragon_lair
Shoals:1: layout_shoals, nicolae_shoals_aquamancer_cove
Shoals:2: layout_shoals
Shoals:3: layout_shoals, nicolae_shoals_this_corrosion
Shoals:4: shoals_end_hellmonk_storm_palace [storm_palace_center_circular,
          storm_palace_corner_grid, storm_palace_corner_narrow,
          storm_palace_corner_reverse_hut, storm_palace_corner_grid]
Snake:1:  layout_chambers, special_room, nicolae_snake_ghostly_warrior_ritual
Snake:2:  layout_misc_corridors, nicolae_snake_gridmaze_swirls
Snake:3:  layout_onion, basic_altar, lemuel_fruit_tree
Snake:4:  grunt_snake_rune_serpentine_throne, layout_layer_cave, serial_shops,
          nicolae_shop_stone, grunt_megastairs_2, minmay_shop_star
Orc:1:    layout_caves, serial_shops, nicolae_shop_waterfront,
          nicolae_square_shop, shop, shop,
          nicolae_shop_temple_entry_statues_fountains
Orc:2:    kennysheep_orc_mage_school, layout_caves, serial_shops, shop
Vaults:1: nicolae_vaults_storage_closets_3,
          nicolae_vaults_offset_grid_hallway_1, v_misc_22,
          ontoclasm_vaults_idyll, nicolae_vaults_network_periphery,
          nicolae_vaults_museum, nicolae_vaults_circle_grid_b, v_rooms_5,
          nicolae_vaults_alarming, layout_vaults_omnibox
Vaults:2: nicolae_vaults_taking_the_gang_shopping,
          vaults_standard_mumra_enter_the_diamond, hangedman_vaults_cutoff,
          vaults_mumra_lcd, nicolae_vaults_weapon_check,
          nicolae_vaults_doubleplus_tesselated,
          vaults_standard_mumra_enter_the_diamond,
          nicolae_vaults_little_squares_1,
          nicolae_vaults_storing_the_good_stuff, nicolae_vaults_shelves_hall,
          nicolae_vaults_apartment_1, layout_vaults_omnicross, serial_shops,
          shop, uniq_donald
Vaults:3: minmay_crypt_entry_simple_corners, vaults_room_door_hall,
          v_alt_pattern_5, nicolae_vaults_ninety_degrees,
          grunt_vaults_hallway_long, v_rooms_6,
          nicolae_vaults_variable_pillar_hall, nicolae_vaults_surprise_closet,
          nicolae_vaults_heist, vaults_room_door_ring,
          grunt_vaults_hallway_short, layout_vaults_chaotic_city

Skill      XL: |  1  2  3  4  5  6  7  8  9 10 11 12 13 14 15 16 17 18 19 20 |
---------------+-------------------------------------------------------------+-----
Maces & Flails | 3 4 5 7 8 10 11 12 14 15 16 | 16.0
Fighting       | 4 5 6 8 9 10 11 12 13 15 16 17 19 | 19.5
Armour         | 4 5 7 8 10 11 12 13 14 15 16 17 | 17.6
Dodging        | 1 2 3 4 5 6 7 |  7.1
Shields        | 4 5 6 7 8 9 10 11 13 15 17 19 20 | 20.0
Stealth        | 1 |  1.0
Evocations     | 2 4 6 7 8 9 |  9.4
Invocations    | 3 5 7 9 10 | 10.4
Axes           | 1 |  1.1
Throwing       | |  0.6

Action                     |  1- 3 |  4- 6 |  7- 9 | 10-12 | 13-15 | 16-18 | 19-21 || total
---------------------------+-------+-------+-------+-------+-------+-------+-------++-------
  Melee: Flail             |   120 |    76 |       |       |       |       |       ||   196
         Shillelagh        |       |    48 |   140 |   301 |   151 |    37 |       ||   677
         Morningstar       |       |       |       |       |   905 |  1291 |       ||  2196
         Demon whip        |       |       |       |       |       |    33 |  1255 ||  1288
  Throw: Dart              |       |       |       |       |       |     9 |       ||     9
         Javelin           |       |       |       |       |       |     3 |       ||     3
 Invoke: Receive Weapon    |       |       |       |       |     1 |       |       ||     1
         Receive Armour    |       |       |       |       |     1 |       |       ||     1
         Heroism           |       |       |       |       |       |     2 |     1 ||     3
         Finesse           |       |       |       |       |       |     2 |     1 ||     3
  Evoke: Wand              |       |       |       |       |     2 |     2 |       ||     4
    Use: Scroll            |     2 |     6 |     3 |     8 |    10 |     2 |     2 ||    33
         Potion            |       |     1 |     1 |     5 |       |       |       ||     7
   Stab: Petrified         |       |       |       |       |     6 |     2 |       ||     8
         Paralysed         |       |       |       |       |     1 |       |       ||     1
 Armour: Scale mail        |   135 |    92 |    61 |       |       |       |       ||   288
         Plate armour      |       |       |    25 |   243 |   847 |   856 |   386 ||  2357
         Skin              |       |       |       |     9 |       |       |       ||     9
  Dodge: Dodged            |    79 |    53 |    40 |    90 |   299 |   337 |   151 ||  1049
  Block: Buckler           |    27 |    21 |    26 |    68 |    69 |       |       ||   211
         Kite shield       |       |       |       |       |   528 |   362 |       ||   890
         Reflection        |       |       |       |       |    19 |   202 |   128 ||   349
         Tower shield      |       |       |       |       |       |  1391 |  1019 ||  2410

Table legend: (Time is in decaauts)
 A = Elapsed time spent in this place.
 B = Non-inter-level travel time spent in this place.
 C = Inter-level travel time spent in this place.
 D = Time resting spent in this place.
 E = Time spent auto-exploring this place.
 F = Levels seen in this place.
 G = Mean time per level.
                   A        B        C        D        E       F      G
               +--------+--------+--------+--------+--------+-----+--------+
         Total |  35985 |  34045 |   1940 |   4181 |  14468 |  36 |  999.6 |
       Dungeon |  13768 |  12847 |    921 |    784 |   7657 |  15 |  917.9 |
        Temple |    126 |    113 |     13 |      0 |      0 |   1 |  126.0 |
          Lair |   6356 |   5760 |    596 |    230 |   2845 |   5 | 1271.2 |
        Shoals |   4026 |   3904 |    122 |    546 |   1192 |   4 | 1006.5 |
     Snake Pit |   5988 |   5734 |    254 |   1484 |   2110 |   4 | 1497.0 |
  Orcish Mines |   1346 |   1314 |     32 |    139 |    280 |   2 |  673.0 |
        Vaults |   3487 |   3487 |      0 |    932 |    306 |   3 | 1162.3 |
        Bailey |    333 |    333 |      0 |     46 |      0 |   1 |  333.0 |
      Ice Cave |    551 |    551 |      0 |     20 |     77 |   1 |  551.0 |
               +--------+--------+--------+--------+--------+-----+--------+

Top non-repeatable levels by time:
 Snake:4: 2032 daAuts
Vaults:1: 1721 daAuts
  Lair:2: 1592 daAuts
 Snake:1: 1563 daAuts
Shoals:3: 1397 daAuts
  Lair:3: 1379 daAuts
    D:11: 1336 daAuts
Vaults:2: 1320 daAuts
     D:7: 1248 daAuts
  Lair:5: 1247 daAuts
 Snake:3: 1215 daAuts
 Snake:2: 1176 daAuts
  Lair:4: 1120 daAuts
    D:10: 1028 daAuts
    D:12: 1018 daAuts
